 Dungeon Crawl Stone Soup version 0.30-a0-802-gb92711bcdf (webtiles) character file.

Game seed: 17288875269901632095

62 Ghostmaker01 the Sneak (level 3, -14/33 HPs)
             Began as a Troll Brigand on Feb 23, 2023.
             Demolished by an ogre
             ... wielding a +0 giant club
              (20 damage)
             ... on level 4 of the Dungeon.
             The game lasted 00:05:41 (711 turns).

Ghostmaker01 the Sneak (Troll Brigand)               Turns: 711, Time: 00:05:41

Health: -14/33     AC:  5    Str: 19    XL:     3   Next: 85%
Magic:  2/2        EV:  9    Int:  7    God:
Gold:   87         SH:  0    Dex: 13    Spells: 2/2 levels left

rFire   . . .      SeeInvis .      - Unarmed
rCold   . . .      Faith    .    (no shield)
rNeg    . . .      Spirit   .    b - +0 robe
rPois   .          Reflect  .    (helmet restricted)
rElec   .          Harm     .    c - +0 cloak
rCorr   .          Rampage  .    (gloves unavailable)
Will    .....                    (boots unavailable)
Stlth   ++                       (no amulet)
HPRegen 1.05/turn                (no ring)
MPRegen 0.08/turn                (no ring)

@: weak-willed
A: large, unfitting armour, claws 3, regeneration 1, shaggy fur 1, tough skin 1
a: no special abilities


You were on level 4 of the Dungeon.
You visited 1 branch of the dungeon, and saw 3 of its levels.

You collected 87 gold pieces.

Inventory:

Hand Weapons
 a - a +2 dagger
Missiles
 d - 17 poisoned darts (quivered)
Armour
 b - a +0 robe (worn)
 c - a +0 cloak (worn)
Scrolls
 g - 2 scrolls of identify
 m - a scroll of summoning
Potions
 f - a potion of invisibility {unknown}
 h - 2 potions of attraction
 i - 2 potions of resistance {unknown}
 k - a potion of ambrosia {unknown}
 l - a potion of curing {unknown}


   Skills:
 - Level 1.6 Fighting
 - Level 1.5 Short Blades
 * Level 2.0 Throwing
 * Level 1.2 Dodging
 * Level 2.8 Stealth
 + Level 1.0 Unarmed Combat
 * Level 0.3 Spellcasting


You had 2 spell levels left.
You didn't know any spells.
Your spell library contained the following spells:

 Spells                   Type           Power      Damage    Failure   Level
 Portal Projectile        Hex/Tloc       0%         N/A       80%         3
 Tukima's Dance           Hex            0%         N/A       80%         3
 Blade Hands              Tmut           0%         N/A       100%        5


Dungeon Overview and Level Annotations

Branches:
Dungeon (2/15)

Altars:

Annotations:
D:4 3 runed translucent doors, retardedninja's ghost, amateur GnFi


Innate Abilities, Weirdness & Mutations

You are too large for most types of armour.
You have claws for hands.
Your natural rate of healing is unusually fast.
You are covered in fur. (AC +1)
You have tough skin. (AC +1)


Message History

Aim: a hound (heavily wounded, weak-willed, 43% to hit)
You throw a curare-tipped dart.
The curare-tipped dart barely misses the hound.
The curare-tipped dart hits the endoplasm.
The hound bites you.
* * * LOW HITPOINT WARNING * * *
Throw: 2 darts (curare)
Press: ? - help, Q - select action, (/) - cycle Shift-Dir - straight line, f/p - hound
Aim: a hound (heavily wounded, weak-willed, 43% to hit)
You throw a curare-tipped dart.
The curare-tipped dart barely misses the hound.
The curare-tipped dart hits the endoplasm.
The hound bites you.
* * * LOW HITPOINT WARNING * * *
Throw: dart (curare)
Press: ? - help, Q - select action, (/) - cycle Shift-Dir - straight line, f/p - hound
Aim: a hound (heavily wounded, weak-willed, 43% to hit)
You throw a curare-tipped dart.
The curare-tipped dart misses the hound.
The curare-tipped dart hits the endoplasm.
The hound barely misses you. The hound bites you but does no damage.
You claw the hound!
You kill the hound!
Your Throwing skill increases to level 2!
Your Unarmed Combat skill increases to level 1!
You claw the endoplasm!
You kill the endoplasm!
Throw: 19 darts (poison)
Press: ? - help, Q - select action Shift-Dir - straight line, f - ogre
Aim: an ogre, wielding a +0 giant club (weak-willed, 73% to hit)
You throw a poisoned dart.
The poisoned dart barely misses the ogre.
Throw: 18 darts (poison)
Press: ? - help, Q - select action Shift-Dir - straight line, f/p - ogre
Aim: an ogre, wielding a +0 giant club (weak-willed, 73% to hit)
You throw a poisoned dart. The poisoned dart hits the ogre.
The ogre is poisoned.
The ogre hits you with a +0 giant club!!
Ouch! That really hurt!
You die...

## .# .## ..#####
######
...##.#######((O@#
...##.......(.####
........##.(..#
......######.##
......# #...
.......# ......
......... #.##....
#....#.....# ###.
##.........


You could see an ogre (poisoned, weak-willed).

Vanquished Creatures
  A hound (D:4)
  A worm (D:2)
  4 ball pythons
  3 endoplasms
  3 giant cockroaches
  5 goblins
  2 hobgoblins
  3 frilled lizards (D:1)
  3 kobolds
  3 rats (D:1)
28 creatures vanquished.

Notes
Turn   | Place    | Note
-------+----------+-------------------------------------------
     0 | D:1      | Ghostmaker01 the Troll Brigand began the quest for the Orb.
     0 | D:1      | Reached XP level 1. HP: 19/19 MP: 0/0
   123 | D:1      | Reached skill level 1 in Dodging
   146 | D:1      | Reached XP level 2. HP: 27/27 MP: 1/1
   558 | D:2      | Reached XP level 3. HP: 33/33 MP: 2/2
   599 | D:2      | You fall into a shaft and drop 2 floors!
   627 | D:4      | Found a runed translucent gate.
   627 | D:4      | Found a runed translucent gate.
   627 | D:4      | Found a runed translucent gate.
   627 | D:4      | Noticed retardedninja's ghost (amateur GnFi)
   640 | D:4      | Noticed an ogre
   706 | D:4      | HP: 1/33 [hound (5)]
   709 | D:4      | Reached skill level 1 in Unarmed Combat
   711 | D:4      | Demolished by an ogre

Illustrated notes

Levels and vault maps discovered:
D:1:      scummos_arrival_hexagon, layout_rooms, minmay_crystal_water,
          minmay_stone_trees_medium
D:2:      layout_basic, hangedman_decor_peaks_small
D:4:      layout_layer_cave, serial_shops, nicolae_shop_hallway_stairs,
          ebering_ghost_rock_garden, nicolae_shop_sticking_my_neck_out

Skill      XL: |  1  2  3 |
---------------+----------+-----
Dodging        | 1 |  1.2
Throwing       | 2 |  2.0
Unarmed Combat | 1 |  1.0
Fighting       | |  1.6
Short Blades   | |  1.5
Stealth        | |  2.8
Spellcasting   | |  0.3

Action                     || total
---------------------------++-------
  Melee: Unarmed           ||    72
  Throw: Dart              ||     7
    Use: Scroll            ||     3
   Stab: Sleeping          ||     2
 Armour: Robe              ||    31
  Dodge: Dodged            ||    41

Table legend: (Time is in decaauts)
 A = Elapsed time spent in this place.
 B = Non-inter-level travel time spent in this place.
 C = Inter-level travel time spent in this place.
 D = Time resting spent in this place.
 E = Time spent auto-exploring this place.
 F = Levels seen in this place.
 G = Mean time per level.
                   A        B        C        D        E       F      G
               +--------+--------+--------+--------+--------+-----+--------+
         Total |    708 |    687 |     21 |      0 |    393 |   3 |  236.0 |
       Dungeon |    708 |    687 |     21 |      0 |    393 |   3 |  236.0 |
               +--------+--------+--------+--------+--------+-----+--------+

Top non-repeatable levels by time:
     D:1: 471 daAuts
     D:2: 126 daAuts
     D:4: 111 daAuts
